 Dungeon Sprint DCSS version 0.24-a0-250-g6074511092 (webtiles) character file.

Game seed: 14320180816493499883

1100000 Redear the Warrior (level 14, -25/126 HPs)
             Began as a Demonspawn Warper on Apr 15, 2019.
             Was a Follower of Makhleb.
             Annihilated by a meat berserker
             ... wielding a +9 battleaxe
              (35 damage)
             ... in the Dungeon (Sprint VIII: "Arena of Blood").
             The game lasted 00:00:27 (11 turns).

Redear the Warrior (Demonspawn Warper)                Turns: 11, Time: 00:00:28

Health: -25/126    AC:  8    Str: 13    XL:     14   Next: 29%
Magic:  4/33       EV: 23    Int: 15    God:    Makhleb [*.....]
Gold:   0          SH:  0    Dex: 16    Spells: 43/43 levels left

rFire    . . .     SeeInvis .   c - +∞ Axe of Woe
rCold    + . .     Gourm    .   (shield currently unavailable)
rNeg     . . .     Faith    .   b - +0 leather armour
rPois    .         Spirit   .   (no helmet)
rElec    .         Reflect  .   (no cloak)
rCorr    .         Harm     .   (no gloves)
MR       +....     NoTele   +   (no boots)
Stlth    +.........             (no amulet)
HPRegen  0.31/turn              (no ring)
MPRegen  0.23/turn              (no ring)

@: no status effects
A: claws 2, molten scales 2, cold resistance 1, freezing cloud immunity
a: Renounce Religion


You were in the Dungeon.
You worshipped Makhleb.
Makhleb was aware of your devotion.
You were not hungry.

You visited 1 branch

Inventory:

Hand Weapons
 a - a +0 hand axe
 c - the +∞ Axe of Woe (weapon)
   (You found it in the Dungeon)
Missiles
 e - 5 tomahawks of dispersal (quivered)
Armour
 b - a +0 leather armour (worn)
Scrolls
 B - 2 scrolls of blinking
Potions
 h - a potion of heal wounds {@q1}
 j - 2 potions of magic
 k - a potion of berserk rage
 H - a potion of haste {@q5}
 Q - a potion of curing {@q2}
Comestibles
 z - a ration


   Skills:
 + Level 16.3 Fighting
 + Level 15.1 Axes
 + Level 15.2 Throwing
 + Level 15.1 Armour
 + Level 15.2 Dodging
 + Level 15.1 Spellcasting
   Level 2.6 Translocations


You had 43 spell levels left.
You didn't know any spells.
Your spell library contained the following spells:

 Spells                   Type           Power        Failure   Level  Hunger
 Blink                    Tloc           N/A          3%          2    None
 Shroud of Golubria       Chrm/Tloc      ###.......   6%          2    None
 Gell's Gravitas          Tloc           ###.......   7%          3    None
 Lesser Beckoning         Tloc           ###.......   7%          3    None
 Teleport Other           Tloc           ###.....     7%          3    None
 Passage of Golubria      Tloc           N/A          22%         4    ##.....


Dungeon Overview and Level Annotations

Branches:
Dungeon (1/1)

Altars:
Makhleb


Innate Abilities, Weirdness & Mutations

You have very sharp fingernails.
You are mostly covered in molten scales. (AC +3)
Your flesh is cold resistant. (rC+)
You are immune to freezing clouds.


Message History

Your Fighting skill gained 2 levels and is now at level 16!
Your Axes skill gained 2 levels and is now at level 15!
Your Throwing skill gained 2 levels and is now at level 15!
Your Armour skill gained 2 levels and is now at level 15!
Your Dodging skill gained 2 levels and is now at level 15!
Your Spellcasting skill gained 2 levels and is now at level 15!
You have reached level 13!
You have reached level 14!
You hear a shout! x3
A bag of meat comes into view. It is wielding a +9 war axe.
You hear a shout!
A large bag of meat comes into view. It is wielding a +9 giant spiked club.
You hear a shout!
The meat berserker hits you with a +9 battleaxe!!
* * * LOW HITPOINT WARNING * * *
A meat berserker comes into view. It is wielding a +9 battleaxe.
You hear a shout! x2
A bag of meat comes into view. It is wielding a +9 war axe.
The meat berserker hits you with a +9 battleaxe!!
You die...

....o.O.o. O
........... ..
....o.... ...
#.......# .#..
#..oo...#
.....###.......###.
........O.###......
#....@OO._.......
#.....).#..o..#....
........#_o<._# .
#.......#.....#
..#........_.....
..O.......###o.....
..o..###... ..###.
..... #... ..# #..
..#


You could see a large bag of meat (inner flame), 5 meat berserkers and 9 bags of
meat.

Vanquished Creatures
  An ogre (D)
  2 orcs (D)
3 creatures vanquished.

Notes
Turn   | Place    | Note
-------+----------+-------------------------------------------
     0 | D        | Found the +∞ Axe of Woe
     0 | D        | Redear the Demonspawn Warper began the quest for the Orb.
     0 | D        | Reached XP level 1. HP: 16/16 MP: 3/3
     1 | D        | Noticed a bag of meat
     1 | D        | Noticed a bag of meat
     4 | D        | Killed a bag of meat
     4 | D        | Reached skill level 12 in Fighting
     4 | D        | Reached skill level 11 in Axes
     4 | D        | Reached skill level 11 in Throwing
     4 | D        | Reached skill level 11 in Armour
     4 | D        | Reached skill level 11 in Dodging
     4 | D        | Reached skill level 11 in Spellcasting
     4 | D        | Gained mutation: Your flesh is cold resistant. (rC+)
                  | [demonic ancestry]
     4 | D        | Reached XP level 2. HP: 39/39 MP: 3/14
     4 | D        | Gained mutation: You have sharp fingernails. [demonic
                  | ancestry]
     4 | D        | Reached XP level 3. HP: 45/45 MP: 3/15
     4 | D        | Reached XP level 4. HP: 52/52 MP: 3/17
     4 | D        | Gained mutation: You have very sharp fingernails. [demonic
                  | ancestry]
     4 | D        | Reached XP level 5. HP: 58/58 MP: 3/18
     4 | D        | Gained mutation: You are partially covered in molten
                  | scales. (AC +2) [demonic ancestry]
     4 | D        | Reached XP level 6. HP: 65/65 MP: 3/20
     4 | D        | Reached XP level 7. HP: 71/71 MP: 3/21
     4 | D        | Gained mutation: You are mostly covered in molten scales.
                  | (AC +3) [demonic ancestry]
     4 | D        | Reached XP level 8. HP: 77/77 MP: 3/23
     4 | D        | Reached XP level 9. HP: 83/83 MP: 3/24
     4 | D        | Gained mutation: You are immune to freezing clouds.
                  | [demonic ancestry]
     4 | D        | Reached XP level 10. HP: 90/90 MP: 3/25
     4 | D        | Reached XP level 11. HP: 96/96 MP: 3/26
     4 | D        | Noticed a bag of meat
     4 | D        | Noticed a bag of meat
     5 | D        | Became a worshipper of Makhleb the Destroyer
     6 | D        | Noticed a bag of meat
     6 | D        | Noticed a meat berserker
     7 | D        | Noticed a meat berserker
     7 | D        | Noticed a meat berserker
     8 | D        | Noticed a bag of meat
     9 | D        | Noticed a meat berserker
    10 | D        | Killed a bag of meat
    10 | D        | Reached skill level 14 in Fighting
    10 | D        | Reached skill level 13 in Axes
    10 | D        | Reached skill level 13 in Throwing
    10 | D        | Reached skill level 13 in Armour
    10 | D        | Reached skill level 13 in Dodging
    10 | D        | Reached skill level 13 in Spellcasting
    10 | D        | Reached XP level 12. HP: 68/107 MP: 4/29
    10 | D        | Noticed a bag of meat
    10 | D        | Noticed a bag of meat
    10 | D        | Noticed a bag of meat
    10 | D        | Noticed a meat berserker
    11 | D        | Killed a meat berserker
    11 | D        | Reached * piety under Makhleb
    11 | D        | Reached skill level 16 in Fighting
    11 | D        | Reached skill level 15 in Axes
    11 | D        | Reached skill level 15 in Throwing
    11 | D        | Reached skill level 15 in Armour
    11 | D        | Reached skill level 15 in Dodging
    11 | D        | Reached skill level 15 in Spellcasting
    11 | D        | Reached XP level 13. HP: 42/119 MP: 4/32
    11 | D        | Reached XP level 14. HP: 44/126 MP: 4/33
    11 | D        | Noticed a bag of meat
    11 | D        | Noticed a large bag of meat
    11 | D        | HP: 10/126 [meat berserker/+9 battleaxe (35)]
    11 | D        | Noticed a meat berserker
    11 | D        | Noticed a bag of meat
    11 | D        | Annihilated by a meat berserker

Levels and vault maps discovered:
D:        meatsprint

Skill      XL: |  1  2  3  4  5  6  7  8  9 10 11 12 |
---------------+-------------------------------------+-----
Fighting       | 12 14 16 | 16.3
Axes           | 11 13 15 | 15.1
Throwing       | 11 13 15 | 15.2
Armour         | 11 13 15 | 15.1
Dodging        | 11 13 15 | 15.2
Spellcasting   | 11 13 15 | 15.1
Translocations | |  2.6

Action                   |  1- 3 |  4- 6 |  7- 9 | 10-12 | 13-15 || total
-------------------------+-------+-------+-------+-------+-------++-------
Melee: Executioner's axe |     1 |       |       |     2 |       ||     3

Table legend:
 A = Non-vault XP
 B = Vault XP
 C = Vault XP percentage of total XP
 D = Non-vault monster count
 E = Vault monster count
 F = Vault count percentage of total count
                 A         B        C        D         E       F
            +---------+---------+-------+---------+---------+-------
      Total |   57000 |   18760 |  24.8 |       2 |       1 |  33.3
            +---------+---------+-------+---------+---------+-------
          D |   57000 |   18760 |  24.8 |       2 |       1 |  33.3
            +---------+---------+-------+---------+---------+-------
